AoeStats
← a.l.a.n.t

QS Arena

503662465Analyzed
2v2 RM · 1mo ago on Sep 1, 2026· 27m 16s· 4 players
Game mode
Random Map
Map size
Medium (4 player)
Population
200
Speed
Normal
Resources
Standard
Victory
Conquest
Starting age
Dark Age
Ending age
Imperial Age
RankedLock teamsTeams togetherTeam positionsShared explorationLock speedFull tech treeHidden civsTurbo modeCheats
Victory
Defeat
🇬🇧 Tatars · United Kingdom
1265
+11
🇮🇶 Teutons · Iraq
1071
+20
🇹🇷 Magyars · Türkiye
1171
-16
🇹🇷 Turks · Türkiye
1150
-15
OROSPİSENT
0:31 Loom
6:47 Feudal Age
7:17 Double-Bit Axe
10:48 Stone Mining
10:49 Gold Mining
12:26 Horse Collar
16:51 Castle Age
18:10 Heavy Plow
20:10 Bow Saw
21:04 Corvinian Army
25:48 Scale Barding Armor
26:29 Bloodlines
27:18 Husbandry
Peugeot 607
10:59 Feudal Age
14:45 Castle Age
12:36 Double-Bit Axe
13:33 Gold Mining
19:06 Imperial Age
17:52 Padded Archer Armor
19:37 Redemption
20:38 Loom
a.l.a.n.t
9:03 Feudal Age
10:02 Double-Bit Axe
12:48 Castle Age
11:36 Horse Collar
14:23 Scale Barding Armor
aryaszahir958
7:20 Feudal Age
8:53 Double-Bit Axe
9:29 Horse Collar
11:58 Loom
14:45 Castle Age
13:09 Stone Mining
18:28 Gold Mining
20:17 Padded Archer Armor
21:26 Fletching
23:35 Bodkin Arrow
26:51 Heavy Plow
Connection lost

Rejoining the realm…

Still unreachable

The connection could not be restored.

Session expired

The server has moved on; the page needs a fresh start.